 Dungeon Crawl Stone Soup version 0.23-a0-183-gf37f6fb (webtiles) character file.

8413 MisterFreud the Cleaver (level 11, 0/130 HPs)
             Began as a Formicid Fighter on Sept 21, 2018.
             Was a Believer of the Shining One.
             Slain by a polar bear (2 damage)
             ... in an ice cave.
             The game lasted 00:23:00 (8727 turns).

MisterFreud the Cleaver (Formicid Fighter)          Turns: 8727, Time: 00:23:01

Health: 0/130      AC: 28    Str: 24    XL:     11   Next: 55%
Magic:  11/11      EV:  2    Int:  8    God:    the Shining One [**....]
Gold:   557        SH: 13    Dex: 10    Spells: 10/10 levels left

rFire    x . .     SeeInvis .   a - +1 war axe
rCold    + . .     Gourm    .   c - +1 shield
rNeg     + + +     Faith    .   (armour currently unavailable)
rPois    +         Spirit   .   (helmet unavailable)
rElec    .         Reflect  .   (cloak currently unavailable)
rCorr    .         Harm     .   (gloves currently unavailable)
MR       +....                  (boots currently unavailable)
Stlth    +.........             (no amulet)
HPRegen  0.31/turn              z - +3 ring of protection
MPRegen  0.12/turn              m - ring of ice

@: tree-form, glowing
A: permanent stasis, dig shafts and tunnels, four strong arms
a: Divine Shield, Renounce Religion


You were in an ice cave.
You worshipped the Shining One.
The Shining One was pleased with you.
You were not hungry.
You were a tree.
You visited 3 branches of the dungeon, and saw 11 of its levels.
You also visited: Ice Cave.

You collected 557 gold pieces.

Inventory:

Hand Weapons
 a - a +1 war axe (weapon)
 b - a +0 hunting sling
Missiles
 i - 304 stones (quivered)
 n - 5 javelins of returning
 q - 52 arrows
 r - 10 bolts
 A - 4 throwing nets
 C - 16 sling bullets
Armour
 c - a +1 shield (worn)
 D - a +0 scale mail (melded)
Jewellery
 l - a +2 ring of strength
 m - a ring of ice (right branch)
 x - an uncursed ring of protection from magic
 z - a +3 ring of protection (left branch)
Wands
 w - a wand of iceblast (12)
 y - a wand of disintegration (9)
Scrolls
 g - 3 scrolls of remove curse
 h - a scroll of enchant weapon
 k - 3 scrolls of enchant armour
 o - 2 scrolls of magic mapping
 s - 5 scrolls of identify
 v - 2 scrolls of fog
Potions
 d - 3 potions of might
 j - a potion of flight {unknown}
 p - a potion of agility
 t - a potion of cancellation {unknown}
 u - a potion of lignification
Comestibles
 f - 20 rations
 B - 6 chunks of flesh


   Skills:
 - Level 8.4 Fighting
 + Level 13.7 Axes
 - Level 3.4 Armour
 - Level 9.2 Shields


You had 10 spell levels left.
You didn't know any spells.
Your spell library contained the following spells:

 Spells                   Type           Power        Failure   Level  Hunger
 Confusing Touch          Hex            #.....       41%         1    ##.....
 Confuse                  Hex            #.......     78%         3    ####...
 Gell's Gravitas          Tloc           #.........   78%         3    ####...
 Petrify                  Tmut/Erth      #.......     99%         4    #####..
 Metabolic Englaciation   Hex/Ice        #.........   100%        5    ######.
 Yara's Violent Unravell  Hex/Tmut       #.........   100%        5    ######.


Dungeon Overview and Level Annotations

Branches:
Dungeon (9/15)             Temple (1/1) D:4            Lair (1/6) D:9
    Orc (0/2) D:9

Altars:
Ashenzari
Cheibriados
Dithmenos
Elyvilon
Fedhas
Gozag
Hepliaklqana
Kikubaaqudgha
Makhleb
Nemelex Xobeh
Okawaru
Qazlal
Ru
Sif Muna
Trog
Uskayaw
Vehumet
Wu Jian
Xom
Yredelemnul
Zin
The Shining One

Shops:
D:5 %

Annotations:
D:7 1 transporter, iamserjio's ghost, novice DrWn IceCv exclusion: ice statue


Innate Abilities, Weirdness & Mutations

You cannot be hasted, slowed, berserked, paralysed or teleported.
You can dig through walls and to a lower floor.
Your four strong arms can wield two-handed weapons with a shield.
((You have a pair of large antennae on your head. (SInv)))


Message History

The polar bear claws you but does no damage.
You block the polar bear's attack.
You slash the polar bear!
The polar bear is moderately wounded.
You slash the yak! You completely miss the yak. You block the yak's attack.
The yak gores you but does no damage.
The polar bear bites you but does no damage.
You block the polar bear's attack.
The polar bear claws you but does no damage.
You barely miss the polar bear.
The polar bear is moderately wounded.
You hit the yak but do no damage. You slash the yak!
You block the yak's attack. The yak gores you but does no damage.
You block the polar bear's attack. x2
The polar bear claws you but does no damage.
You hit the polar bear but do no damage.
The polar bear is moderately wounded.
You barely miss the yak. You hit the yak but do no damage.
You block the yak's attack. The polar bear bites you.
You die...

#.......#
#...∩...#
##.....##
##...##
##...#
#...##
#...##
##..h##
##♣Y.# ##Y.#
##..## #†.##
#.Y# #....
.......
.........
.....#......


You could see a polar bear and 2 yaks.

Vanquished Creatures
  Gastronok (D:8)
  Harold (D:8)
  Joseph (D:8)
  A komodo dragon (D:9)
  3 polar bears (IceCv)
  A hippogriff (D:8)
  3 wyverns (D:9)
  6 yaks
  A basilisk (D:9)
  A water moccasin (D:6)
  A swamp drake (D:9)
  3 sky beasts
  2 orc warriors
  A black bear (D:9)
  An ogre (D:5)
  3 wolves (IceCv)
  A centaur (D:6)
  3 big kobolds
  5 bullfrogs
  A wyvern zombie (D:8)
  3 scorpions
  6 killer bees (D:9)
  3 wights (D:7)
  3 howler monkeys
  2 hounds
  A jelly (D:8)
  7 orc priests
  5 iguanas
  7 orc wizards
  14 worker ants
  A hound zombie (D:6)
  A worker ant zombie (D:5)
  A howler monkey zombie (D:7)
  5 adders
  2 shadow imps
  A worm (D:3)
  2 dart slugs (D:2)
  5 leopard geckos
  19 orcs
  8 bats
  9 giant cockroaches
  5 goblins
  8 hobgoblins
  18 kobolds
  6 quokkas
  A ball python (D:2)
  3 frilled lizards
  A jackal zombie (D:5)
  A quokka skeleton (D:5)
  7 rats
195 creatures vanquished.

Vanquished Creatures (others)
  An orc warrior (D:8)
  An electric eel (D:8)
  A hound (D:8)
  An iguana (D:8)
  A worker ant (D:8)
  An adder skeleton (D:8)
  A leopard gecko skeleton (D:8)
7 creatures vanquished.

Grand Total: 202 creatures vanquished

Notes
Turn   | Place    | Note
-------+----------+-------------------------------------------
     0 | D:1      | MisterFreud the Formicid Fighter began the quest for the
                  | Orb.
     0 | D:1      | Reached XP level 1. HP: 18/18 MP: 1/1
   300 | D:1      | Reached XP level 2. HP: 22/24 MP: 2/2
   717 | D:2      | Noticed an ogre
  1024 | D:2      | Reached XP level 3. HP: 29/29 MP: 3/3
  1055 | D:2      | Reached skill level 3 in Axes
  1485 | D:3      | Reached XP level 4. HP: 34/35 MP: 4/4
  1607 | D:3      | Reached skill level 4 in Axes
  2052 | D:3      | Reached XP level 5. HP: 36/41 MP: 5/5
  2063 | D:3      | Found a snail-covered altar of Cheibriados.
  2280 | D:4      | Reached skill level 5 in Axes
  2323 | D:3      | Reached XP level 6. HP: 16/47 MP: 6/6
  2541 | D:4      | Found a staircase to the Ecumenical Temple.
  2791 | D:4      | Reached skill level 6 in Axes
  3225 | Temple   | Entered the Ecumenical Temple
  3430 | Temple   | Became a worshipper of Elyvilon the Healer
  3471 | D:5      | Entered Level 5 of the Dungeon
  3474 | D:5      | Found an ornate altar of the Wu Jian Council.
  3512 | D:5      | Reached XP level 7. HP: 48/52 MP: 7/7
  3523 | D:5      | Found a hide-covered altar of Uskayaw.
  3814 | D:5      | Found Taoggoco's Food Boutique.
  3820 | D:5      | Reached * piety under Elyvilon
  3874 | D:5      | Reached skill level 7 in Axes
  4153 | D:6      | Noticed a water moccasin
  4168 | D:6      | Killed a water moccasin
  4168 | D:6      | Reached skill level 8 in Axes
  4440 | D:6      | Reached XP level 8. HP: 34/58 MP: 8/8
  4698 | D:6      | Reached skill level 9 in Axes
  5218 | D:6      | Found a glowing golden altar of the Shining One.
  5221 | D:6      | Fell from the grace of Elyvilon
  5221 | D:6      | Became a worshipper of the Shining One
  5391 | D:7      | Reached * piety under the Shining One
  5394 | D:7      | Reached skill level 10 in Axes
  5418 | D:7      | Reached XP level 9. HP: 53/65 MP: 9/9
  5539 | D:7      | Reached skill level 5 in Shields
  5646 | D:6      | Reached skill level 5 in Fighting
  6435 | D:7      | Found a transporter.
  6435 | D:7      | Noticed iamserjio's ghost (novice DrWn)
  6485 | D:7      | Found a deep blue altar of Sif Muna.
  6566 | D:8      | Found a bloodstained altar of Trog.
  6566 | D:8      | Found a radiant altar of Vehumet.
  6589 | D:8      | Found an iron altar of Okawaru.
  6611 | D:8      | Noticed Gastronok
  6632 | D:8      | Killed Gastronok
  6632 | D:8      | Reached XP level 10. HP: 82/82 MP: 10/10
  6703 | D:8      | Noticed Harold
  6720 | D:8      | Killed Harold
  6927 | D:8      | Found a shimmering altar of Xom.
  6960 | D:8      | Reached skill level 11 in Axes
  7061 | D:8      | Noticed Joseph
  7063 | D:8      | Found an ancient bone altar of Kikubaaqudgha.
  7071 | D:8      | Reached ** piety under the Shining One
  7080 | D:8      | Killed Joseph
  7122 | D:8      | Noticed a two-headed ogre
  7384 | D:9      | Found an iron altar of Okawaru.
  7533 | D:9      | Reached skill level 12 in Axes
  7533 | D:9      | Reached XP level 11. HP: 72/87 MP: 11/11
  7674 | D:9      | Found a staircase to the Orcish Mines.
  8070 | D:9      | Reached skill level 13 in Axes
  8113 | D:9      | Found a staircase to the Lair.
  8365 | Lair:1   | Entered Level 1 of the Lair of Beasts
  8577 | Lair:1   | Found a frozen archway.
  8600 | IceCv    | Entered an ice cave
  8719 | IceCv    | HP: 2/87 [polar bear (3)]
  8721 | IceCv    | The Shining One protects you from harm!
  8727 | IceCv    | Slain by a polar bear

Vault maps used:
D:1:      lightli_arrival_quake
D:2:      first_ration
D:3:      kennysheep_big_flooded_room, cheibriados_altar_1
D:4:      minmay_temple_entry_glassed_door, portal_sewer_entry_f, uniq_grinder
D:5:      eat_drink_and_be_merry_uskayaw, kennysheep_little_box, serial_shops,
          nicolae_shop_statue_plus
D:6:      tso_oasis_becter
D:7:      gammafunk_ghost_smash, lemuel_blue_sif_altar
D:8:      minmay_bloctagon, lemuel_round_altar,
          gammafunk_temple_overflow_statue, xom_confusion_cloud,
          kennysheep_mini_moat, uniq_joseph, uniq_harold, uniq_gastronok
D:9:      erik_lair_dragon, orc_0_dummy, basic_altar
Temple:   nicolae_temple_figure_eight
Lair:1:   portal_ice_cave_entry_pillars_1, serial_bayou_shore_a
IceCv:    ice_cave_small_giant

Skill      XL: |  1  2  3  4  5  6  7  8  9 10 11 |
---------------+----------------------------------+-----
Axes           | 3 4 5 6 8 10 12 13 | 13.7
Shields        | 4 9 |  9.2
Fighting       | 4 8 |  8.4
Armour         | |  3.4

Action                   |  1- 3 |  4- 6 |  7- 9 | 10-12 || total
-------------------------+-------+-------+-------+-------++-------
Melee: War axe           |   112 |   168 |   235 |   203 ||   718
 Abil: Dig               |       |       |       |     1 ||     1
  Use: Scroll            |     6 |     5 |     4 |     3 ||    18
       Potion            |       |       |    10 |     3 ||    13
  Eat: Chunk             |     2 |     6 |    11 |     4 ||    23
       Ration            |       |       |       |     1 ||     1
Armor: Scale mail        |    51 |    68 |    56 |    55 ||   230
       Skin              |       |       |       |    21 ||    21
Dodge: Dodged            |    37 |    50 |    38 |    62 ||   187
Block: Shield            |    51 |    96 |   122 |   136 ||   405

Table legend:
 A = Non-vault XP
 B = Vault XP
 C = Vault XP percentage of total XP
 D = Non-vault monster count
 E = Vault monster count
 F = Vault count percentage of total count
                 A         B        C        D         E       F
            +---------+---------+-------+---------+---------+-------
      Total |    5176 |    6843 |  56.9 |     166 |      29 |  14.9
            +---------+---------+-------+---------+---------+-------
        D:1 |      23 |       0 |   0.0 |      13 |       0 |   0.0
        D:2 |      42 |       0 |   0.0 |      16 |       0 |   0.0
        D:3 |     141 |       6 |   4.1 |      25 |       2 |   7.4
        D:4 |     256 |      14 |   5.2 |      12 |       6 |  33.3
        D:5 |     306 |       0 |   0.0 |      12 |       0 |   0.0
        D:6 |     789 |       0 |   0.0 |      15 |       0 |   0.0
        D:7 |    1182 |       0 |   0.0 |      36 |       0 |   0.0
        D:8 |     261 |    3992 |  93.9 |       6 |       7 |  53.8
        D:9 |    2080 |    1202 |  36.6 |      30 |       6 |  16.7
     Lair:1 |      96 |       0 |   0.0 |       1 |       0 |   0.0
      IceCv |       0 |    1629 | 100.0 |       0 |       8 | 100.0
            +---------+---------+-------+---------+---------+-------
